 Dungeon Crawl Stone Soup version 0.28.0-43-g3370ac3207 (webtiles) character file.

Game seed: 16491646017057645710

41 xzight the Shield-Bearer (level 3, 0/23 HPs)
             Began as a Gargoyle Fighter on Mar 19, 2022.
             Slain by Terence
             ... wielding a +7 short sword of venom
              (6 damage)
             ... on level 2 of the Dungeon.
             The game lasted 00:01:23 (1471 turns).

xzight the Shield-Bearer (Gargoyle Fighter)         Turns: 1471, Time: 00:01:24

Health: 0/23       AC: 14    Str: 21    XL:     3   Next: 52%
Magic:  3/3        EV:  9    Int:  8    God:
Gold:   55         SH:  4    Dex:  9    Spells: 2/2 levels left

rFire   . . .      SeeInvis .   a - +0 war axe
rCold   . . .      Faith    .   c - +0 buckler
rNeg    + . .      Spirit   .   b - +0 scale mail
rPois   ∞          Reflect  .   (no helmet)
rElec   +          Harm     .   (no cloak)
rCorr   .          Rampage  .   (no gloves)
Will    .....                   (no boots)
Stlth   ..........              e - amulet of the acrobat
HPRegen 0.07/turn               T - +4 ring of protection
MPRegen 0.08/turn               (no ring)

@: no status effects
A: sickness immunity, AC +3, negative energy resistance 1, electricity
resistance, torment resistance 1, petrification resistance
a: no special abilities


You were on level 2 of the Dungeon.
You visited 1 branch of the dungeon, and saw 2 of its levels.

You collected 55 gold pieces.


Innate Abilities, Weirdness & Mutations

You are immune to sickness and miasma.
Your stone body is resilient. (AC +3)
You are immune to poison.
You resist negative energy. (rN+)
You are resistant to electric shocks. (rElec)
You are resistant to unholy torment.
You are immune to petrification.


   Skills:
 + Level 3.6 Fighting
 * Level 2.5 Axes
 + Level 3.6 Armour
 + Level 3.6 Shields


You had 2 spell levels left.
You didn't know any spells.
Your spell library contained the following spells:

 Spells                   Type           Power      Damage    Failure   Level
 Tukima's Dance           Hex            0%         N/A       99%         3
 Anguish                  Hex/Necr       0%         N/A       100%        4
 Enfeeble                 Hex            0%         N/A       100%        7

Inventory:

Hand Weapons
 a - a +0 war axe (weapon)
Armour
 b - a +0 scale mail (worn)
 c - a +0 buckler (worn)
Jewellery
 e - an amulet of the acrobat (around neck)
 T - a +4 ring of protection (left hand)
Scrolls
 f - a scroll of fog {unknown}
 g - a scroll of identify {unknown}
 i - a scroll of enchant armour {unknown}
 j - a scroll of magic mapping {unknown}
 m - a scroll of brand weapon {unknown}
Potions
 d - a potion of might
 h - a potion of heal wounds {unknown}
 k - 2 potions of lignification {unknown}
 l - a potion of ambrosia {unknown}

Dungeon Overview and Level Annotations

Branches:
Dungeon (2/15)

Altars:
Fedhas

Annotations:
D:2 Terence

..............###### #.##..##
......#............###.###..#
......#.......####..........#
......###..#### #####.######
....[.....## #.# ......#..##
#.# .....##..## #.#
....###...##########....
........#...>...@{......
#.################...... #.#
#.... #.. #.# ..## # ... ...
..


There were no monsters in sight!


Message History

The goblin is moderately wounded.
The goblin hits you with a +0 dagger. x2
Unknown command.
You slash the goblin!
You kill the goblin!
No target in view!
Unknown command.
No target in view!
Unknown command.
You start resting.
HP restored.
You now have 55 gold pieces (gained 8).
There is an escape hatch in the floor here.
There is a blossoming altar of Fedhas here.
Things that are here:
18 stones; a hobgoblin skeleton
Found a leather armour.
You see here a ball python skeleton.
There is a stone staircase leading down here.
Terence the Incautious comes into view.
He is wielding a +7 short sword of venom.
Terence shouts!
Terence drinks a potion.
Terence flickers and vanishes!
Deactivating autopickup; reactivate with Ctrl-A.
You closely miss something. Something hits you but does no damage.
Something hits you!
You hit something but do no damage. Something hits you!
* * * LOW HITPOINT WARNING * * *
You barely miss something. Something hits you.
You die...

Skill      XL: |  1 |
---------------+----+-----
Axes           | 2 |  2.5
Fighting       | |  3.6
Armour         | |  3.6
Shields        | |  3.6

Action                   || total
-------------------------++-------
Melee: War axe           ||    70
Armor: Scale mail        ||    43
Dodge: Dodged            ||    44
Block: Buckler           ||    13

Levels and vault maps discovered:
D:1:      onia_arrival_zoo_common, layout_loops_ring
D:2:      layout_rooms, basic_altar, minmay_misc_feat_tiny, uniq_terence

Notes
Turn   | Place    | Note
-------+----------+-------------------------------------------
     0 | D:1      | xzight the Gargoyle Fighter began the quest for the Orb.
     0 | D:1      | Reached XP level 1. HP: 14/14 MP: 1/1
   123 | D:1      | Noticed a wyvern
   123 | D:1      | Noticed a swamp worm
   124 | D:1      | Noticed a black mamba
   124 | D:1      | Noticed a wolf
   150 | D:1      | Reached skill level 2 in Axes
   281 | D:1      | Reached XP level 2. HP: 14/19 MP: 2/2
   874 | D:1      | Reached XP level 3. HP: 23/23 MP: 3/3
  1158 | D:2      | Found a blossoming altar of Fedhas.
  1465 | D:2      | Noticed Terence
  1471 | D:2      | Slain by Terence

Vanquished Creatures
  An adder (D:2)
  7 ball pythons
  2 endoplasms (D:1)
  3 giant cockroaches
  4 goblins
  4 hobgoblins
  2 kobolds
  2 quokkas
  A bat (D:1)
  A frilled lizard (D:1)
27 creatures vanquished.

Table legend: (Time is in decaauts)
 A = Elapsed time spent in this place.
 B = Non-inter-level travel time spent in this place.
 C = Inter-level travel time spent in this place.
 D = Time resting spent in this place.
 E = Time spent auto-exploring this place.
 F = Levels seen in this place.
 G = Mean time per level.
                   A        B        C        D        E       F      G
               +--------+--------+--------+--------+--------+-----+--------+
         Total |   1500 |   1446 |     54 |    425 |    818 |   2 |  750.0 |
       Dungeon |   1500 |   1446 |     54 |    425 |    818 |   2 |  750.0 |
               +--------+--------+--------+--------+--------+-----+--------+

Top non-repeatable levels by time:
     D:1: 1111 daAuts
     D:2: 388 daAuts

Table legend:
 A = Non-vault XP
 B = Vault XP
 C = Vault XP percentage of total XP
 D = Non-vault monster count
 E = Vault monster count
 F = Vault count percentage of total count
                 A         B        C        D         E       F
            +---------+---------+-------+---------+---------+-------
      Total |      59 |       0 |   0.0 |      27 |       0 |   0.0
            +---------+---------+-------+---------+---------+-------
        D:1 |      35 |       0 |   0.0 |      20 |       0 |   0.0
        D:2 |      24 |       0 |   0.0 |       7 |       0 |   0.0
            +---------+---------+-------+---------+---------+-------
